Unix NetHack Version 3.7.0-97 Work-in-progress - last build Jan 20 2024 17:37:35 (157cf090cb53e479d994ec1a4552202481ff9585,branch:master). Game began 2024-01-27 11:06:21, ended 2024-01-27 12:43:04. playerb, chaotic male orcish Wizard --- --- --- --..| --- --- -----.-- |..| |...-- --.-- ---.-- |......| |..| --...-- |...--- --....|----......| |..| |.....| |.....------ ----- |.....|.|.......- |..| --.....| --....--..-- |...---...............--------- |..-- |......| |...*.....| --......................--..|.-- --...| |-....- --......-- -....^...................@u....| |....-- -..*[.| --- |.....-- |..........|.......--.....---...| --....--- |..--..| ----.--|.--..| |.`----...--->..--- --...-- --..| |......----|.----.| --.....--.----------------....)...-| |...| |..| |...--)...--^|-.|.---......................%....----...-- |.-- ---- --.....-.....|.............--.-.---------------.|.......| --- |.---).-.---|....-------.........- |...........-- |.- --...| --.%.| ---........- |.--.......-- --..- --..| -...- |.........| --##.|--.....-- |....- |-.| |.....| --...--...-- |..^.| |.....| |.....||..| -.|.- |...--|....| |..--- |...--- --.|.|--.| ---- --.-- --.-- |..| --.- ----- --- --- --- ---- --- Playerb the Thaumaturge St:10 Dx:18 Co:13 In:16 Wi:13 Ch:12 Chaotic S:4653 Dlvl:9 $:102 HP:0(44) Pw:0(69) AC:7 Xp:7/945 T:4835 Latest messages: Yecch! You've been creamed. You descend the stairs. You feel an unseen monster! You feel an unseen monster! You feel an unseen monster! You feel an unseen monster! You feel an unseen monster! You feel an unseen monster! You feel an unseen monster! You can see again. Pick an object. You see here a dagger. s - a dagger (at the ready) (10 in total). Pick an object. You hit the gelatinous cube. You momentarily stiffen. You hit the gelatinous cube. You momentarily stiffen. The gelatinous cube touches you! You hit the gelatinous cube. You momentarily stiffen. You hit the gelatinous cube. You momentarily stiffen. The gelatinous cube touches you! You hit the gelatinous cube. You momentarily stiffen. The gelatinous cube touches you! You hit the gelatinous cube. You momentarily stiffen. You hit the gelatinous cube. You momentarily stiffen. The gelatinous cube touches you! You hit the gelatinous cube. The gelatinous cube touches you! In what direction? h The spell hits the gelatinous cube! The spell misses it. The gelatinous cube touches you! You momentarily stiffen. In what direction? h The spell hits the gelatinous cube! You kill the gelatinous cube! The spell hits it. It resists! There is a staircase up to level 8 here. You see here a gelatinous cube corpse. There is a gelatinous cube corpse here; eat it? [ynq] (n) y You have a very bad case of stomach acid. You die... Do you want your possessions identified? [ynq] (y) q Inventory: Coins $ - 102 gold pieces Weapons L - a +1 dagger s - 10 +0 daggers (at the ready) q - a blessed +0 elven dagger a - 2 +0 elven daggers (wielded) p - a +0 knife J - a +0 orcish dagger b - a blessed +1 quarterstaff (alternate weapon; not wielded) Armor z - an uncursed +0 dwarvish iron helm (being worn) w - an uncursed +0 cloak of magic resistance (being worn) G - an uncursed +0 mummy wrapping Comestibles U - an uncursed apple Potions H - a cursed potion of healing Rings j - an uncursed ring of fire resistance e - an uncursed ring of free action (on left hand) Wands v - a wand of striking (0:3) Tools f - an uncursed bag of holding containing 27 items d - an uncursed blindfold h - an uncursed skeleton key Contents of the bag of holding: 301 gold pieces an uncursed +0 elven cloak named !c 2 uncursed food rations an uncursed lembas wafer an uncursed tripe ration a cursed scroll of enchant armor a potion of holy water an uncursed potion of healing an uncursed potion of oil an uncursed ring of teleport control a wand of create monster (0:13) an uncursed blindfold an uncursed blindfold an uncursed credit card a +0 pick-axe a +0 pick-axe an uncursed saddle an uncursed worthless piece of black glass 2 uncursed worthless pieces of blue glass an uncursed worthless piece of green glass 2 uncursed worthless pieces of orange glass 2 uncursed worthless pieces of white glass 2 uncursed worthless pieces of yellow glass an uncursed chrysoberyl stone an uncursed worthless piece of yellowish brown glass an uncursed amber stone an uncursed luckstone Playerb the Wizard's attributes: Background: You were a Thaumaturge, a level 7 male orcish Wizard. You were chaotic, on a mission for Anhur who was opposed by Ptah (lawful) and Thoth (neutral). You were right-handed. You were in the Gnomish Mines, on level 9. You entered the dungeon 4835 turns ago. There was a full moon in effect when your adventure ended. You had 945 experience points, 335 more were needed to attain level 8. Your score was 4653 before end-of-game adjustments. Basics: You had 0 out of 44 hit points. You had 0 out of 69 energy points (spell power). Your armor class was 7. Your wallet contained 102 zorkmids, and you had 301 more stashed away in your pack. Autopickup was off. Final Characteristics: Your strength was 10 (limit:18/50). Your dexterity was 18 (limit:18). Your constitution was 13 (limit:18). Your intelligence was 16 (limit:16). Your wisdom was 13 (limit:16). Your charisma was 12 (limit:16). Final Status: You weren't hungry. You were unencumbered. You were wielding daggers. You had basic skill with dagger and could have enhanced that. Final Attributes: You were piously aligned. You were magic-protected. You were poison resistant. You had infravision. You were warded. You had free action. You were lucky. You are dead. Miscellaneous: You encountered 1 bones level. Total elapsed playing time was 1 hour, 34 minutes and 2 seconds. Major events: Turn 1: playerb the chaotic male orcish Wizard entered the dungeon 893: attained the rank of Conjurer (level 3) 2266: entered the Gnomish Mines 3455: attained the rank of Thaumaturge (level 6) 4835: killed by an acidic corpse Vanquished creatures: a wood golem a gelatinous cube a leprechaun a dwarf leader a blue jelly a Kop Kaptain a gnome mummy 2 yellow lights a shrieker a violet fungus 5 gnome leaders a kobold mummy 2 giant ants a floating eye a kitten 9 dwarves a kobold shaman 4 rothes 4 Kop Sergeants a monkey a wererat an iguana an acid blob 4 hobbits 4 manes a large kobold a brown mold 37 gnomes 6 Keystone Kops 2 garter snakes a gecko 10 jackals a fox a kobold 2 goblins 7 grid bugs 4 bats 6 lichens 2 kobold zombies 7 newts 139 creatures vanquished. No species were genocided or became extinct. Voluntary challenges: You read items or engraved 4 times. You engraved Elbereth 1 time. You never genocided any monsters. You never polymorphed an object. You never changed form. You used no wishes. Achievements: You attained the rank of Conjurer. You entered a shop. You entered the Gnomish Mines. You attained the rank of Thaumaturge. The Dungeons of Doom: levels 1 to 5 Level 1: Some fountains, a sink. Level 2: An altar. Level 3: A fountain. Level 4: An altar, many fountains. Stairs down to The Gnomish Mines. Level 5: A sink, a grave. The Gnomish Mines: levels 5 to 10 Level 5: Level 6: Level 7: Level 8: Final resting place for Ted-Pri-Hum-Fem-Neu, killed by a wand. Level 9: <- You were here. Final resting place for you, killed by an acidic corpse. Level 10: Game over: ---------- / \ / REST \ / IN \ / PEACE \ / \ | playerb | | 403 Au | | killed by an | | acidic corpse | | | | | | 2024 | *| * * * | * _________)/\\_//(\/(/\)/\//\/|_)_______ Goodbye playerb the Wizard... You died in The Gnomish Mines on dungeon level 9 with 4613 points, and 403 pieces of gold, after 4835 moves. You were level 7 with a maximum of 44 hit points when you died.